 Dungeon Crawl Stone Soup version 0.21-a0-513-gdcb3f5e (webtiles) character file.

98 Spazmo the Conjurer (level 4, -2/24 HPs)
             Began as a Deep Elf Conjurer on Dec 2, 2017.
             Slain by a scorpion (7 damage)
             ... on level 3 of the Dungeon.
             The game lasted 00:03:49 (1737 turns).

Spazmo the Conjurer (Deep Elf Conjurer)             Turns: 1737, Time: 00:03:49

Health: -2/24      AC:  4    Str:  5    XL:     4   Next: 44%
Magic:  1/12       EV: 13    Int: 21    God:
Gold:   120        SH:  4    Dex: 15    Spells: 8/11 levels left

rFire    . . .     SeeInvis .   i - +1 short sword
rCold    . . .     Gourm    .   e - +0 buckler
rNeg     . . .     Faith    .   a - +0 robe
rPois    .         Spirit   .   o - +0 helmet
rElec    .         Reflect  .   (no cloak)
rCorr    .         Harm     .   n - +0 pair of gloves
MR       .....                  (no boots)
Stlth    ++........             (no amulet)
HPRegen  0.08/turn              (no ring)
MPRegen  0.13/turn              (no ring)

@: no status effects
A: no striking features
a: no special abilities


You were on level 3 of the Dungeon.
You were not hungry.

You visited 1 branch of the dungeon, and saw 3 of its levels.

You collected 120 gold pieces.

Inventory:

Hand Weapons
 i - a +1 short sword (weapon)
Missiles
 k - 41 stones (quivered)
Armour
 a - a +0 robe (worn)
 e - a +0 buckler (worn)
 n - a +0 pair of gloves (worn)
 o - a +0 helmet (worn)
Scrolls
 f - 2 scrolls of enchant weapon
 m - 2 scrolls of identify
Potions
 d - a potion of cancellation
 h - a potion of brilliance {unknown}
 l - a potion of curing
 q - a potion of haste {unknown}
Books
 b - a book of Conjurations

   Spells                             Type                      Level
   a - Magic Dart                     Conjuration                  1
   b - Searing Ray                    Conjuration                  2
   c - Dazzling Spray                 Conjuration/Hexes            3
   d - Fulminant Prism                Conjuration/Hexes            4
   e - Force Lance                    Conjuration/Translocation    4
   f - Iskenderun's Mystic Blast      Conjuration                  4
Comestibles
 c - 4 bread rations
 g - 4 fruits
 j - 2 royal jellies


   Skills:
 - Level 3.0 Dodging
 - Level 3.0 Stealth
 + Level 1.5 Shields
 + Level 4.1 Spellcasting
 + Level 5.0 Conjurations


You had 8 spell levels left.
You knew the following spells:

 Your Spells              Type           Power        Failure   Level  Hunger
a - Magic Dart            Conj           ####         1%          1    None
b - Searing Ray           Conj           ####..       3%          2    #......


Dungeon Overview and Level Annotations

Branches:
Dungeon (3/15)

Altars:
The Shining One


Message History

Aiming: Magic Dart
Press: ? - help, Shift-Dir - straight line, f/p - scorpion
Aim: a scorpion (heavily wounded)
The magic dart hits the scorpion.
The scorpion is severely wounded.
The scorpion stings you!
* * * LOW HITPOINT WARNING * * *
Casting: Magic Dart
Confirm with . or Enter, or press ? or * to list all spells.
Aiming: Magic Dart
Press: ? - help, Shift-Dir - straight line, f/p - scorpion
Aim: a scorpion (severely wounded)
The magic dart hits the scorpion.
The scorpion is severely wounded.
The scorpion closely misses you.
A hobgoblin comes into view.
The hobgoblin moves out of view.
There is a stone staircase leading up here.
The scorpion stings you!
You die...

........#..#...
...............
.............#
............#
#...........+
###..#.#......#
###....#......#
....g..#...#..####
..........@.......
.........#s.......
.........#........
...............#..
.....#...........#
.....+<...........
...# #............
... #............
#.......#.$..


You could see a scorpion and a hobgoblin (wandering).

Vanquished Creatures
  3 gnolls (D:2)
  2 adders (D:2)
  An adder skeleton (D:3)
  3 worms (D:2)
  A leopard gecko (D:2)
  A ball python (D:1)
  8 bats
  A giant cockroach (D:1)
  2 hobgoblins
  2 jackals (D:2)
  3 kobolds
  5 frilled lizards
  4 goblins (D:1)
  6 rats
42 creatures vanquished.

Notes
Turn   | Place    | Note
-------+----------+-------------------------------------------
     0 | D:1      | Spazmo the Deep Elf Conjurer began the quest for the Orb.
     0 | D:1      | Reached XP level 1. HP: 10/10 MP: 6/6
   148 | D:1      | Reached XP level 2. HP: 15/15 MP: 1/8
   152 | D:1      | Learned a level 2 spell: Searing Ray
   291 | D:1      | Found a glowing golden altar of the Shining One.
   894 | D:2      | Reached XP level 3. HP: 19/19 MP: 4/9
  1230 | D:2      | Reached skill level 1 in Shields
  1382 | D:2      | Reached XP level 4. HP: 24/24 MP: 3/11
  1395 | D:2      | Reached skill level 5 in Conjurations
  1737 | D:3      | Slain by a scorpion

Vault maps used:
D:1:      minmay_arrival_nine_rooms, tso_altar
D:2:      kennysheep_six_static_rooms, first_bread
D:3:      chequers_ecumenical_altar_simple

Skill      XL: |  1  2  3  4 |
---------------+-------------+-----
Stealth        | 3 |  3.0
Dodging        | 3 |  3.0
Shields        | 1 |  1.5
Spellcasting   | 4 |  4.1
Conjurations   | 5 |  5.0

Action                   |  1- 3 |  4- 6 || total
-------------------------+-------+-------++-------
Melee: Short sword       |       |     7 ||     7
 Cast: Magic Dart        |    66 |    16 ||    82
       Searing Ray       |     2 |     2 ||     4
  Use: Scroll            |     4 |     1 ||     5
       Potion            |     1 |       ||     1
  Eat: Chunk             |     1 |     1 ||     2
Armor: Robe              |     2 |     1 ||     3
Dodge: Dodged            |     3 |     7 ||    10
Block: Buckler           |       |     3 ||     3

Table legend:
 A = Spawn XP
 B = Non-spawn XP
 C = Spawn XP percentage of total XP
 D = Spawn monster count
 E = Non-spawn monster count
 F = Spawn count percentage of total count
 G = Total turns spent on level
                    A         B        C        D         E        F      G
               +---------+---------+-------+---------+---------+-------+---------
         Total |       0 |     141 |   0.0 |       0 |      42 |   0.0 |  1737
               +---------+---------+-------+---------+---------+-------+---------
           D:1 |       0 |      28 |   0.0 |       0 |      19 |   0.0 |   569
           D:2 |       0 |     107 |   0.0 |       0 |      21 |   0.0 |  1144
           D:3 |       0 |       6 |   0.0 |       0 |       2 |   0.0 |    24
               +---------+---------+-------+---------+---------+-------+---------
